 Dungeon Crawl Stone Soup version 0.29.1-1-gd02db6906a (webtiles) character file.

Game seed: 16197928315016499217

7164 hawla the Thaumaturge (level 11, -9/85 HPs)
             Began as a Meteoran Air Elementalist on Oct 12, 2022.
             Was a Believer of Vehumet.
             Mangled by a death yak (16 damage)
             ... on level 1 of the Lair of Beasts.
             The game lasted 00:27:47 (5068 turns).

hawla the Thaumaturge (Meteoran Air Elementalist)   Turns: 5068, Time: 00:27:47

Health: -9/85      AC:  7    Str: 14    XL:     11   Next: 57%
Magic:  25/36      EV: 14    Int: 22    God:    Vehumet [**....]
Gold:   374        SH:  0    Dex: 14    Spells: 19/32 levels left

rFire   + + +      SeeInvis .   s - +8 mace of the Owl {drain, *Noise rF++ Int+2}
rCold   + . .      Faith    .   (no shield)
rNeg    . . .      Spirit   .   a - +0 robe
rPois   .          Reflect  .   (no helmet)
rElec   .          Harm     .   k - +0 cloak
rCorr   .          Rampage  .   h - +0 pair of gloves
Will    +....                   A - +0 pair of boots
Stlth   +.........              i - amulet of regeneration
HPRegen 1.04/turn               f - ring of magical power
MPRegen 0.25/turn               y - +4 ring of slaying

@: glowing
A: sense surroundings 2, otherworldly, glowing, explore regen, iridescent scales
1, cold resistance 1, fire resistance 1, strong 1, MP-powered wands
a: Renounce Religion


You were on level 1 of the Lair of Beasts.
You worshipped Vehumet.
Vehumet was pleased with you.
You visited 3 branches of the dungeon, and saw 10 of its levels.
You also visited: Ossuary.

You collected 638 gold pieces.
You spent 264 gold pieces at shops.

Inventory:

Hand Weapons
 s - the +8 mace of the Owl (weapon) {drain, *Noise rF++ Int+2}
   (You bought it in a shop on level 3 of the Dungeon)

   A truly terrible weapon, it drains the life of any living foe it strikes.
   Int:       It affects your intelligence (+2).
   rF:        It greatly protects you from fire.
   *Noise:    It may make noises in combat.
Armour
 a - a +0 robe (worn)
 h - a +0 pair of gloves (worn)
 k - a +0 cloak (worn)
 A - a +0 pair of boots (worn)
Magical Staves
 v - a staff of death
Jewellery
 f - a ring of magical power (left hand)
 i - an amulet of regeneration (around neck)
 y - a +4 ring of slaying (right hand)
Wands
 B - a wand of flame (10)
 D - a wand of digging (2)
Scrolls
 m - a scroll of amnesia
 n - 2 scrolls of enchant armour {unknown}
 o - 2 scrolls of blinking
 p - a scroll of poison {unknown}
 t - 2 scrolls of enchant weapon {unknown}
 u - a scroll of butterflies {unknown}
 w - 3 scrolls of teleportation
 x - a scroll of fear
 z - 4 scrolls of identify
Potions
 b - a potion of might
 c - 5 potions of curing
 d - 2 potions of flight
 e - 9 potions of degeneration
 g - a potion of attraction
 j - 4 potions of ambrosia {unknown}
 l - 3 potions of haste {unknown}
 q - 2 potions of lignification {unknown}
 r - 3 potions of resistance
 E - 2 potions of heal wounds {unknown}
Miscellaneous
 C - a phial of floods


   Skills:
 + Level 4.6 Fighting
 + Level 7.6 Maces & Flails
 + Level 1.3(4.5) Staves
 + Level 5.8 Dodging
 - Level 1.4 Stealth
 + Level 11.1 Spellcasting
 + Level 4.2 Conjurations
 + Level 2.0 Necromancy
 + Level 0.7 Fire Magic
 + Level 10.5 Air Magic
 + Level 6.8 Poison Magic
 + Level 2.0 Evocations


You had 19 spell levels left.
You knew the following spells:

 Your Spells              Type           Power      Damage    Failure   Level
a - Shock                 Conj/Air       100%       1d9       1%          1
b - Static Discharge      Conj/Air       44%        3-9/arc   1%          2
c - Airstrike             Air            27%        2d(4-20)  1%          4
d - Olgreb's Toxic Radia  Pois           42%        N/A       3%          4
e - Scorch                Fire           30%        2d7       6%          2

Your spell library contained the following spells:

 Spells                   Type           Power      Damage    Failure   Level
 Sting                    Tmut/Pois      100%       1d8       1%          1
 Poisonous Vapours        Pois/Air       100%       N/A       1%          2
 Swiftness                Air            55%        N/A       1%          3
 Sublimation of Blood     Necr           21%        N/A       3%          2
 Spider Form              Tmut/Pois      27%        N/A       4%          3
 Beastly Appendage        Tmut           24%        N/A       5%          1
 Dazzling Flash           Conj/Hex       42%        N/A       7%          3
 Wereblood                Tmut           12%        N/A       9%          2
 Iskenderun's Mystic Bla  Conj/Tloc      21%        2d6       22%         4
 Starburst                Conj/Fire      11%        6d5       96%         6
 Summon Hydra             Summ           6%         N/A       100%        7


Dungeon Overview and Level Annotations

Branches:
Dungeon (10/15) Zot: 439   Temple (1/1) D:6 Zot: 417    Lair (1/5) D:10 Zot: 228
    Orc (0/2) D:10        Ossuary (visited)

Altars:
Ashenzari
Dithmenos
Elyvilon
Fedhas
Gozag
Hepliaklqana
Kikubaaqudgha
Makhleb
Nemelex Xobeh
Okawaru
Qazlal
Ru
Sif Muna
Trog
Uskayaw
Vehumet
Wu Jian
Xom
Yredelemnul
Zin
The Shining One

Shops:
D:3 (


Innate Abilities, Weirdness & Mutations

You passively map the area around you.
You are easily found by Zot.
You glow in the dark.
You regain HP and MP as you explore.
You are partially covered in iridescent scales. (AC +2)
Your flesh is cold resistant. (rC+)
Your flesh is heat resistant. (rF+)
Your muscles are strong. (Str +4, Int/Dex -1)
You expend magic power (3 MP) to strengthen your wands.


Message History

Unknown command.
Casting: Olgreb's Toxic Radiance (dangerous; 3% risk of failure)
Confirm with . or Enter, or press ? or * to list all spells.
The death yak is struck by an arc of lightning!
The death yak is moderately wounded.
The death yak is struck by an arc of lightning.
The death yak is moderately wounded.
You are struck by an arc of lightning.
The death yak is struck by an arc of lightning.
The death yak is moderately wounded.
You are struck by an arc of lightning.
The lightning grounds out.
The death yak is struck by an arc of lightning!
The death yak is heavily wounded.
You are struck by an arc of lightning.
The death yak is struck by an arc of lightning!
The death yak is heavily wounded.
The lightning grounds out.
The death yak bellows!
The death yak looks even sicker.
The death yak is poisoned.
The death yak looks even sicker. x2
Your toxic aura wanes.
The death yak gores you!
A death yak comes into view.
Casting: Static Discharge (safe; 1% risk of failure)
Confirm with . or Enter, or press ? or * to list all spells.
The death yak is struck by an arc of lightning.
The death yak is heavily wounded.
The death yak is struck by an arc of lightning.
The death yak is heavily wounded.
The lightning grounds out.
The death yak is struck by an arc of lightning!
The death yak is lightly wounded.
You are struck by an arc of lightning.
The death yak is struck by an arc of lightning.
The death yak is heavily wounded.
You are struck by an arc of lightning.
The lightning grounds out.
The death yak gores you!!
* * * LOW HITPOINT WARNING * * *
The death yak gores you!
You die...

###.#.......######...#
, , .######.....P#
##..# * , ,,* .#
#.#...## #..# * .##
###.#..### #.## *
P.### #......# ###
....# ##....### *
....## ##...P...##
.....###...##....## *
##....#...###..>@Y####
* ##.......#
##..YY..Y#### ,
#.#....###
#....#...Y.#
###.....P#
##...#####Y# *
###....# #...# #.#* #
##...# ##...# #.Y.Y#
### #...# #....#
###### ..#####)..#
##...## * .......#..#
#.....# **


You could see 6 death yaks.

Vanquished Creatures
  The ghost of quakins the Cleaver, a novice MiBe of Trog (D:5)
  A cane toad (Lair:1)
  A rime drake (Lair:1)
  2 komodo dragons (Lair:1)
  A polar bear (Lair:1)
  A hornet (D:9)
  3 blink frogs (Lair:1)
  Sigmund (D:4)
  4 wyverns
  A basilisk (D:10)
  5 yaks (D:10)
  8 water moccasins
  A swamp drake (D:10)
  2 orc warriors
  An ogre (D:10)
  2 centaurs
  2 phantoms
  A kobold brigand (D:9)
  A necrophage (D:3)
  3 bullfrogs
  A wight (D:6)
  2 scorpions (D:5)
  4 killer bees (D:9)
  A gnoll bouda (D:5)
  3 hounds
  A jelly (D:6)
  12 orc priests
  6 orc wizards
  8 mummies (Ossuary)
  7 adders
  3 gnolls (D:5)
  2 white imps
  2 worms
  3 dart slugs
  36 orcs
  9 endoplasms
  4 giant cockroaches
  2 gnoll zombies (Ossuary)
  11 goblins
  10 hobgoblins
  10 jackals
  4 quokkas
  11 ball pythons
  5 bats
  2 hobgoblin zombies (Ossuary)
  11 kobolds
  2 kobold zombies (Ossuary)
  2 orc zombies (Ossuary)
  7 rats
223 creatures vanquished.

Vanquished Creatures (others)
  13 plants
  4 toadstools (D:1)
17 creatures vanquished.

Grand Total: 240 creatures vanquished

Notes
Turn   | Place    | Note
-------+----------+-------------------------------------------
     0 | D:1      | hawla the Meteoran Air Elementalist began the quest for the
                  | Orb.
     0 | D:1      | Reached XP level 1. HP: 14/14 MP: 5/5
    67 | D:1      | Reached XP level 2. HP: 19/20 MP: 0/6
    84 | D:1      | Reached skill level 3 in Spellcasting
   104 | D:1      | HP: 1/20 [hobgoblin (1)]
   114 | D:1      | Learned a level 2 spell: Static Discharge
   275 | D:1      | Reached XP level 3. HP: 26/26 MP: 6/8
   498 | D:1      | Glimpsed the power of Zot.
   618 | D:2      | Reached XP level 4. HP: 30/34 MP: 10/10
   629 | D:2      | Learned a level 4 spell: Airstrike
  1042 | D:2      | Reached skill level 5 in Air Magic
  1099 | D:2      | Glimpsed the power of Zot.
  1190 | D:3      | Found Qiymm's Antique Weapon Boutique.
  1192 | D:3      | Noticed a necrophage
  1196 | D:3      | Reached XP level 5. HP: 36/39 MP: 11/11
  1198 | D:3      | Killed a necrophage
  1199 | D:3      | Reached XP level 6. HP: 30/46 MP: 4/12
  1439 | D:3      | Reached skill level 4 in Spellcasting
  1639 | D:4      | Noticed Sigmund
  1641 | D:4      | Killed Sigmund
  1642 | D:4      | Reached skill level 5 in Spellcasting
  1642 | D:4      | Reached XP level 7. HP: 38/51 MP: 12/15
  1645 | D:4      | Found a sand-covered staircase.
  1670 | Ossuary  | Entered an ossuary
  1889 | D:3      | Reached skill level 1 in Fighting
  1942 | D:3      | Bought a shimmering mace for 264 gold pieces
  1942 | D:3      | Identified the +8 mace of the Owl {drain, *Noise rF++
                  | Int+2} (You bought it in a shop on level 3 of the Dungeon)
  1969 | D:4      | Reached XP level 8. HP: 59/59 MP: 17/17
  1971 | D:4      | Reached skill level 6 in Spellcasting
  2126 | D:4      | Found a glowing silver altar of Zin.
  2300 | D:4      | Reached skill level 1 in Maces & Flails
  2473 | D:4      | Glimpsed the power of Zot.
  2494 | D:5      | Entered Level 5 of the Dungeon
  2498 | D:5      | Gained mutation: Your magical capacity is low. (-10% MP)
                  | [potion of mutation]
  2498 | D:5      | Gained mutation: You are partially covered in iridescent
                  | scales. (AC +2) [potion of mutation]
  2498 | D:5      | Gained mutation: You are weak. (Str -2) [potion of
                  | mutation]
  2498 | D:5      | Gained mutation: You have a somewhat thin skeletal
                  | structure. (Dex +2, Stealth+) [potion of mutation]
  2515 | D:5      | Found a runed translucent door.
  2518 | D:5      | Noticed quakins's ghost (novice MiBe)
  2540 | D:5      | Killed quakins's ghost
  2541 | D:5      | Reached skill level 1 in Staves
  2541 | D:5      | Gained mutation: You passively map the area around you.
                  | [Meteoran growth]
  2541 | D:5      | Reached XP level 9. HP: 15/68 MP: 10/18
  2944 | D:5      | Reached skill level 1 in Necromancy
  2944 | D:5      | Reached skill level 1 in Evocations
  3064 | D:5      | Glimpsed the power of Zot.
  3113 | D:5      | Glimpsed the power of Zot.
  3174 | D:6      | Reached skill level 5 in Maces & Flails
  3174 | D:6      | Reached skill level 7 in Spellcasting
  3175 | D:6      | Found a staircase to the Ecumenical Temple.
  3193 | Temple   | Entered the Ecumenical Temple
  3365 | Temple   | Became a worshipper of Vehumet
  3469 | D:6      | HP: 1/70 [orc warrior/+0 trident (15)]
  3655 | D:6      | Lost mutation: Your magical capacity is low. (-10% MP)
                  | [potion of mutation]
  3655 | D:6      | Lost mutation: You have a somewhat thin skeletal structure.
                  | (Dex +2, Stealth+) [potion of mutation]
  3655 | D:6      | Gained mutation: Your flesh is cold resistant. (rC+)
                  | [potion of mutation]
  3655 | D:6      | Gained mutation: You expend magic power (3 MP) to
                  | strengthen your wands. [potion of mutation]
  3655 | D:6      | Gained mutation: You are somewhat resistant to further
                  | mutation. [potion of mutation]
  3656 | D:6      | Lost mutation: You are weak. (Str -2) [potion of mutation]
  3656 | D:6      | Lost mutation: You are somewhat resistant to further
                  | mutation. [potion of mutation]
  3656 | D:6      | Lost mutation: You are partially covered in iridescent
                  | scales. (AC +2) [potion of mutation]
  3656 | D:6      | Gained mutation: Your flesh is heat resistant. (rF+)
                  | [potion of mutation]
  3656 | D:6      | Gained mutation: You are partially covered in iridescent
                  | scales. (AC +2) [potion of mutation]
  3656 | D:6      | Gained mutation: Your muscles are strong. (Str +4, Int/Dex
                  | -1) [potion of mutation]
  3840 | D:6      | Glimpsed the power of Zot.
  3857 | D:6      | You fall into a shaft and drop 3 floors!
  4131 | D:9      | Found an ancient bone altar of Kikubaaqudgha.
  4137 | D:9      | Learned a level 4 spell: Olgreb's Toxic Radiance
  4209 | D:9      | Reached skill level 1 in Poison Magic
  4217 | D:9      | Reached XP level 10. HP: 40/78 MP: 13/22
  4256 | D:9      | Paralysed by a hornet for 1 turns
  4261 | D:9      | Paralysed by a hornet for 1 turns
  4271 | D:9      | Found a bloodstained altar of Trog.
  4275 | D:9      | Reached * piety under Vehumet
  4275 | D:9      | Offered knowledge of Magic Dart by Vehumet.
  4438 | D:9      | Glimpsed the power of Zot.
  4459 | D:10     | Entered Level 10 of the Dungeon
  4473 | D:10     | Reached skill level 5 in Dodging
  4473 | D:10     | Reached skill level 8 in Spellcasting
  4490 | D:10     | Found a staircase to the Orcish Mines.
  4513 | D:10     | Reached skill level 5 in Poison Magic
  4527 | D:10     | Reached ** piety under Vehumet
  4595 | D:10     | Found a staircase to the Lair.
  4609 | D:10     | Offered knowledge of Scorch by Vehumet.
  4610 | D:10     | Reached skill level 9 in Spellcasting
  4674 | D:10     | Reached XP level 11. HP: 39/84 MP: 17/25
  4698 | Lair:1   | Entered Level 1 of the Lair of Beasts
  4702 | Lair:1   | Learned a level 2 spell: Scorch
  4740 | Lair:1   | Reached skill level 10 in Spellcasting
  4750 | Lair:1   | Reached skill level 10 in Air Magic
  4889 | Lair:1   | Reached skill level 11 in Spellcasting
  5055 | Lair:1   | Noticed a death yak
  5055 | Lair:1   | Noticed a death yak
  5057 | Lair:1   | Noticed a death yak
  5064 | Lair:1   | Noticed a death yak
  5066 | Lair:1   | Noticed a death yak
  5067 | Lair:1   | Noticed a death yak
  5068 | Lair:1   | Mangled by a death yak

Illustrated notes

Levels and vault maps discovered:
D:1:      ldierk_walled_garden_2, layout_loops_ring,
          chequers_ecumenical_altar_simple, dk_noncrumbling_2, st_stairs_12,
          kennysheep_minor_cross
D:2:      wad_crossroads, layout_loops_ring, hangedman_decor_opposing
D:3:      kennysheep_the_goblin_king, layout_basic, serial_shops,
          nicolae_shop_statue_plus, minivault_26
D:4:      layout_basic, lemuel_round_altar, enter_ossuary_1,
          amcnicky_mini_rare_corridor_liquid, uniq_sigmund
D:5:      layout_basic, ebering_ghost_reflecting_pool
D:6:      layout_loops_ring, minmay_temple_entry_arrows
D:9:      layout_roguey, nicolae_overflow_hidden_temple, old_standard_altar
D:10:     layout_stronghold, minmay_lair_entry_grove, erik_orc_1
Temple:   nicolae_temple_bog_church
Lair:1:   dragon1_lemuel, layout_concentric_octagons,
          ebering_ghost_funeral_grove

Skill      XL: |  1  2  3  4  5  6  7  8  9 10 11 |
---------------+----------------------------------+-----
Spellcasting   | 3 5 6 7 9 11 | 11.1
Air Magic      | 4 5 6 7 8 9 10 | 10.5
Conjurations   | 2 3 4 |  4.2
Dodging        | 3 4 5 |  5.8
Fighting       | 1 2 3 4 |  4.6
Maces & Flails | 3 6 7 |  7.6
Staves         | 1 |  1.3
Necromancy     | 2 |  2.0
Evocations     | 2 |  2.0
Poison Magic   | 3 5 6 |  6.8
Stealth        | |  1.4
Fire Magic     | |  0.7

Action                   |  1- 3 |  4- 6 |  7- 9 | 10-12 || total
-------------------------+-------+-------+-------+-------++-------
Melee: Unarmed           |    13 |     1 |    11 |       ||    25
       Quarterstaff      |       |       |    18 |       ||    18
       Mace              |       |       |   129 |    32 ||   161
       Punch             |       |       |     1 |       ||     1
       Staff             |       |       |     1 |       ||     1
 Cast: Shock             |    47 |    27 |    19 |     2 ||    95
       Static Discharge  |     4 |    14 |    32 |    31 ||    81
       Airstrike         |       |    20 |    24 |    27 ||    71
       Olgreb's Toxic Ra |       |       |       |    16 ||    16
       Scorch            |       |       |       |     5 ||     5
  Use: Scroll            |       |     8 |     5 |       ||    13
       Potion            |       |       |     6 |       ||     6
Armor: Robe              |     9 |     4 |    55 |    17 ||    85
Dodge: Dodged            |    31 |    11 |   102 |    39 ||   183
